 Dungeon Crawl Stone Soup version 0.24-a0-441-g27f0392e16 (webtiles) character file.

Game seed: 737980334672025430

207 LabCoat the Chopper (level 5, -1/47 HPs)
             Began as a Hill Orc Fighter on June 20, 2019.
             Slain by a river rat (3 damage)
             ... in a sewer.
             The game lasted 00:10:54 (2430 turns).

LabCoat the Chopper (Hill Orc Fighter)              Turns: 2430, Time: 00:10:55

Health: -1/47      AC:  7    Str: 19    XL:     5   Next: 85%
Magic:  5/5        EV:  7    Int:  8    God:
Gold:   133        SH:  9    Dex: 11    Spells: 4/4 levels left

rFire    . . .     SeeInvis .   a - +0 war axe
rCold    . . .     Gourm    .   c - +0 shield
rNeg     . . .     Faith    .   b - +0 scale mail
rPois    .         Spirit   .   (no helmet)
rElec    .         Reflect  .   (no cloak)
rCorr    +         Harm     .   (no gloves)
MR       .....                  (no boots)
Stlth    ..........             (no amulet)
HPRegen  0.15/turn              h - ring of resist corrosion
MPRegen  0.09/turn              (no ring)

@: very slow
A: no striking features
a: no special abilities


You were in a sewer.
You were not hungry.

You visited 1 branch of the dungeon, and saw 3 of its levels.
You also visited: Sewer.

You collected 133 gold pieces.

Inventory:

Hand Weapons
 a - a +0 war axe (weapon)
Missiles
 g - 20 poisoned darts (quivered)
 k - 4 boomerangs
Armour
 b - a +0 scale mail (worn)
 c - a +0 shield (worn)
Jewellery
 h - a ring of resist corrosion (left hand)
Potions
 e - a potion of resistance
Comestibles
 f - 4 rations


   Skills:
 + Level 4.5 Fighting
 + Level 5.3 Axes
 + Level 0.5 Throwing
 + Level 4.2 Armour
 + Level 0.5 Dodging
 + Level 0.2 Stealth
 + Level 4.0 Shields


You had 4 spell levels left.
You didn't know any spells.
Your spell library was empty.

Dungeon Overview and Level Annotations

Branches:
Dungeon (3/15)

Altars:


Message History

You kill the river rat!
Your Shields skill increases to level 4!
You closely miss the river rat.
Your shield prevents you from hitting the river rat.
You slash the rat!
You kill the rat!
The river rat bites you but does no damage.
The river rat barely misses you.
The river rat bites you but does no damage.
Okay, then.
You enter the shallow water.
Moving in this stuff is going to be slow.
The rat splashes around in the water.
The river rat bites you but does no damage.
You block the river rat's attack. You block the rat's attack.
You see here a river rat corpse.
You block the river rat's attack.
The river rat bites you but does no damage.
The river rat bites you.
You die...

#####################
..#≈≈≈≈≈≈≈≈≈≈≈≈≈≈≈....##
...≈≈≈≈≈r≈≈≈≈≈≈≈≈≈.....#
..≈≈≈≈≈≈†r≈#≈≈≈≈≈≈..∩..#
..≈≈≈≈≈≈≈r@≈≈≈≈≈≈≈..∩..#
..≈≈≈≈≈≈≈≈.≈≈≈≈≈≈≈≈....#
#..≈≈≈≈≈≈≈≈≈≈≈≈≈≈≈....##
#######################


You could see 2 river rats and a rat.

Vanquished Creatures
  An orc wizard (D:3)
  Robin (D:3)
  5 adders
  2 river rats (Sewer)
  3 oozes
  A worm (D:2)
  A dart slug (D:2)
  7 leopard geckos
  9 orcs
  3 giant cockroaches
  10 goblins
  7 hobgoblins
  A ball python (D:3)
  10 bats
  5 frilled lizards
  3 kobolds
  14 rats
83 creatures vanquished.

Notes
Turn   | Place    | Note
-------+----------+-------------------------------------------
     0 | D:1      | LabCoat the Hill Orc Fighter began the quest for the Orb.
     0 | D:1      | Reached XP level 1. HP: 19/19 MP: 1/1
   177 | D:1      | Reached XP level 2. HP: 27/27 MP: 2/2
   572 | D:1      | Reached XP level 3. HP: 33/33 MP: 3/3
   686 | D:1      | Reached skill level 3 in Axes
   981 | D:2      | Found a faded altar of an unknown god.
  1172 | D:2      | Reached XP level 4. HP: 31/40 MP: 4/4
  1354 | D:2      | Reached skill level 4 in Axes
  1817 | D:3      | Reached XP level 5. HP: 22/46 MP: 5/5
  1983 | D:3      | Noticed Robin
  2002 | D:3      | Reached skill level 5 in Axes
  2006 | D:3      | Killed Robin
  2156 | D:3      | Found a glowing drain.
  2176 | Sewer    | Entered a sewer
  2425 | Sewer    | HP: 1/47 [river rat (4)]
  2430 | Sewer    | Slain by a river rat

Levels and vault maps discovered:
D:1:      minmay_arrival_four_loops, layout_basic
D:2:      layout_basic, first_ration, chequers_ecumenical_altar_simple_redux
D:3:      layout_rooms, gup_sewer_entry_bubbles, uniq_robin
Sewer:    sewer_minmay_w

Skill      XL: |  1  2  3  4  5 |
---------------+----------------+-----
Fighting       | 4 |  4.5
Axes           | 3 4 5 |  5.3
Armour         | 4 |  4.2
Shields        | 4 |  4.0
Throwing       | |  0.5
Dodging        | |  0.5
Stealth        | |  0.2

Action                   |  1- 3 |  4- 6 || total
-------------------------+-------+-------++-------
Melee: War axe           |    77 |   163 ||   240
Throw: Dart              |    17 |    12 ||    29
  Use: Scroll            |     4 |     2 ||     6
       Potion            |       |     4 ||     4
  Eat: Chunk             |     1 |     3 ||     4
       Ration            |       |     1 ||     1
Armor: Scale mail        |    31 |    89 ||   120
       Skin              |       |     3 ||     3
Dodge: Dodged            |    15 |    60 ||    75
Block: Shield            |    41 |   103 ||   144

Table legend:
 A = Non-vault XP
 B = Vault XP
 C = Vault XP percentage of total XP
 D = Non-vault monster count
 E = Vault monster count
 F = Vault count percentage of total count
                 A         B        C        D         E       F
            +---------+---------+-------+---------+---------+-------
      Total |     208 |      88 |  29.7 |      61 |      22 |  26.5
            +---------+---------+-------+---------+---------+-------
        D:1 |      42 |       0 |   0.0 |      20 |       0 |   0.0
        D:2 |      81 |       0 |   0.0 |      27 |       0 |   0.0
        D:3 |      85 |      61 |  41.8 |      14 |      19 |  57.6
      Sewer |       0 |      27 | 100.0 |       0 |       3 | 100.0
            +---------+---------+-------+---------+---------+-------
